 Dungeon Crawl Stone Soup version 0.29.0-7-g18a832c13a (webtiles) character file.

Game seed: 6413734939531766799

1180 keekatzer the Reanimator (level 8, -2/57 HPs)
             Began as a Mummy Necromancer on Aug 30, 2022.
             Was an Initiate of Gozag.
             Slain by Prince Ribbit (12 damage)
             ... on level 5 of the Dungeon.
             The game lasted 00:31:57 (4499 turns).

keekatzer the Reanimator (Mummy Necromancer)        Turns: 4499, Time: 00:31:57

Health: -2/57      AC:  5    Str: 17    XL:     8   Next: 19%
Magic:  0/16       EV: 11    Int: 16    God:    Gozag
Gold:   174        SH:  0    Dex: 13    Spells: 2/18 levels left

rFire   x . .      SeeInvis .   f - +2 short sword (speed)
rCold   + . .      Faith    .   (no shield)
rNeg    + + +      Spirit   .   q - +0 leather armour
rPois   ∞          Reflect  .   (no helmet)
rElec   .          Harm     .   (no cloak)
rCorr   .          Rampage  .   p - +1 pair of gloves
Will    ++...                   (no boots)
Stlth   ++........              (no amulet)
HPRegen 0.19/turn               j - ring of willpower
MPRegen 0.15/turn               l - +6 ring of strength

@: no status effects
A: cold resistance 1, negative energy resistance 3, torment resistance 2, heat
vulnerability 1, in touch with death 1, no potions
a: Renounce Religion, Potion Petition, Call Merchant, Bribe Branch


You were on level 5 of the Dungeon.
You worshipped Gozag.
Gozag was aware of your devotion.
You visited 1 branch of the dungeon, and saw 5 of its levels.
You also visited: Sewer.

You collected 253 gold pieces.
You paid 79 gold pieces to Gozag.

Inventory:

Hand Weapons
 b - a +0 trident
 f - a +2 short sword of speed (weapon)
 k - a +1 long sword of distortion
 w - a +0 rapier
 x - a +0 flail of protection
Missiles
 g - 7 poisoned darts (quivered)
 n - 5 silver boomerangs
Armour
 a - a +0 robe
 p - a +1 pair of gloves (worn)
 q - a +0 leather armour (worn)
Jewellery
 c - a ring of protection from cold
 j - a ring of willpower (left hand)
 l - a +6 ring of strength (right hand)
Wands
 v - a wand of paralysis (3)
Scrolls
 d - a scroll of noise {unknown}
 e - a scroll of brand weapon
 h - a scroll of silence
 i - a scroll of immolation
 m - a scroll of vulnerability
 o - 2 scrolls of teleportation
 r - 2 scrolls of magic mapping
 s - 2 scrolls of amnesia {unknown}
 t - 4 scrolls of enchant weapon
 u - a scroll of enchant armour


   Skills:
 + Level 2.9 Fighting
 + Level 1.4 Armour
 - Level 1.5 Dodging
 - Level 1.5 Stealth
 + Level 5.9 Spellcasting
 + Level 1.5 Summonings
 * Level 8.5 Necromancy


You had 2 spell levels left.
You knew the following spells:

 Your Spells              Type           Power      Damage    Failure   Level
a - Necrotise             Necr           100%       1d9       1%          1
b - Vampiric Draining     Necr           48%        2d9       1%          3
c - Animate Dead          Necr           48%        N/A       4%          4
d - Agony                 Necr           48%        N/A       14%         5
e - Call Canine Familiar  Summ           9%         N/A       26%         3

Your spell library contained the following spells:

 Spells                   Type           Power      Damage    Failure   Level
 Portal Projectile        Hex/Tloc       8%         N/A       45%         3
 Leda's Liquefaction      Hex/Erth       2%         N/A       86%         4


Dungeon Overview and Level Annotations

Branches:
Dungeon (5/15)              Sewer (visited)
 Temple: D:4-7

Altars:
Gozag
Makhleb
Qazlal

Annotations:
D:5 Edmund, Prince Ribbit


Innate Abilities, Weirdness & Mutations

You are immune to poison.
Your flesh is cold resistant. (rC+)
You are immune to negative energy. (rN+++)
You are immune to unholy pain and torment.
You are vulnerable to heat. (rF-)
You are in touch with the powers of death.
You do not drink.


Message History

Confirm with . or Enter, or press ? or * to list all spells.
Aiming: Vampiric Draining (safe; 1% risk of failure)
Press: ? - help, Shift-Dir - straight line, f/p - Prince Ribbit
Aim: Prince Ribbit (heavily wounded, ally target)
You feel a surge of power!
You draw life force from Prince Ribbit.
You feel life coursing into your body. Prince Ribbit hits you!
Prince Ribbit completely misses you.
Casting: Vampiric Draining (safe; 1% risk of failure)
Confirm with . or Enter, or press ? or * to list all spells.
You don't know that spell.
Unknown command.
Prince Ribbit attacks as you move away! Prince Ribbit hits you.
Prince Ribbit closely misses your hound.
Your hound closely misses Prince Ribbit.
Prince Ribbit blinks!
Prince Ribbit barely misses your hound.
Your hound completely misses Prince Ribbit.
Prince Ribbit closely misses your hound.
Your hound bites Prince Ribbit.
Prince Ribbit hits your hound!!
Your hound dies!
Your hound's corpse disappears in a puff of smoke!
Prince Ribbit blinks!
Casting: Vampiric Draining (safe; 1% risk of failure)
Confirm with . or Enter, or press ? or * to list all spells.
Aiming: Necrotise (safe; 1% risk of failure)
Press: ? - help, Shift-Dir - straight line, f/p - Prince Ribbit
Aim: Prince Ribbit (heavily wounded, chance to affect: 70%)
You feel a surge of power!
Prince Ribbit writhes in agony.
Prince Ribbit hits you!
* * * LOW HITPOINT WARNING * * *
You hit Prince Ribbit.
Prince Ribbit is severely wounded.
Prince Ribbit hits you but does no damage.
Aiming: Paralyse
Press: ? - help, Shift-Dir - straight line, f/p - Prince Ribbit
Aim: Prince Ribbit (severely wounded, chance to affect: 31%) Prince Ribbit easily resists.
Prince Ribbit hits you!
You die...
Your body crumbles into a pile of gold.

###
..#
#.#
#.#
##.#
#F.#
#@##
$ #.#
#.#
#.#.#
#.#.#
#.#.#
#.#.#
#.#.#
#.#.#


You could see Prince Ribbit.

Vanquished Creatures
  Eustachio (D:4)
  A water moccasin (D:4)
  A centaur (D:5)
  A bullfrog (Sewer)
  A hound (D:5)
  A jelly (D:3)
  Jessica (D:2)
  An iguana (D:5)
  An orc wizard (D:4)
  Terence (D:3)
  16 adders
  5 river rats (Sewer)
  A worm (D:3)
  3 dart slugs
  7 orcs
  6 endoplasms
  4 giant cockroaches
  A goblin (D:4)
  5 hobgoblins
  8 jackals
  3 kobolds (D:1)
  7 quokkas
  17 ball pythons
  2 bats
  6 frilled lizards
  A hobgoblin zombie (D:4)
  An orc zombie (D:4)
  17 rats
120 creatures vanquished.

Vanquished Creatures (collateral kills)
  Grinder (D:3)
  A bullfrog (Sewer)
  A mummy (D:4)
  2 adders (Sewer)
  A river rat (Sewer)
  An orc (D:4)
  3 endoplasms
  A giant cockroach (D:2)
  3 ball pythons
  A frilled lizard (Sewer)
  A kobold (D:3)
  A kobold zombie (D:4)
  An orc zombie (D:4)
  10 rats (Sewer)
28 creatures vanquished.

Grand Total: 148 creatures vanquished

Notes
Turn   | Place    | Note
-------+----------+-------------------------------------------
     0 | D:1      | keekatzer the Mummy Necromancer began the quest for the
                  | Orb.
     0 | D:1      | Reached XP level 1. HP: 13/13 MP: 4/4
   166 | D:1      | Reached XP level 2. HP: 19/19 MP: 1/5
   465 | D:2      | Reached skill level 5 in Necromancy
   465 | D:2      | Gained mutation: You are in touch with the powers of death.
                  | [Mummy growth]
   465 | D:2      | Reached XP level 3. HP: 24/24 MP: 5/7
   540 | D:2      | Learned a level 3 spell: Vampiric Draining
   808 | D:2      | Reached XP level 4. HP: 23/31 MP: 0/8
   878 | D:2      | Learned a level 4 spell: Animate Dead
   945 | D:2      | Reached skill level 1 in Fighting
  1118 | D:2      | Found a faded altar of an unknown god.
  1119 | D:2      | Noticed Jessica
  1121 | D:2      | Killed Jessica
  1270 | D:3      | Reached XP level 5. HP: 37/37 MP: 4/9
  1279 | D:3      | Reached skill level 6 in Necromancy
  1373 | D:3      | Noticed Terence
  1384 | D:3      | Killed Terence
  1440 | D:3      | Noticed Grinder
  1480 | D:3      | Found a glowing drain.
  1553 | Sewer    | Entered a sewer
  1746 | Sewer    | Reached XP level 6. HP: 24/44 MP: 3/11
  2083 | Sewer    | Reached skill level 7 in Necromancy
  2392 | D:4      | Found a stormy altar of Qazlal.
  2405 | D:4      | Reached XP level 7. HP: 42/50 MP: 3/14
  2768 | D:4      | Noticed Eustachio
  2791 | D:4      | Killed Eustachio
  2792 | D:4      | Reached skill level 5 in Spellcasting
  3009 | D:4      | Learned a level 5 spell: Agony
  3013 | D:4      | Learned a level 3 spell: Call Canine Familiar
  3564 | D:3      | Killed Grinder
  3565 | D:3      | Reached skill level 8 in Necromancy
  3625 | D:5      | Entered Level 5 of the Dungeon
  3664 | D:5      | Reached skill level 1 in Summonings
  3704 | D:5      | Reached skill level 1 in Armour
  3704 | D:5      | Reached XP level 8. HP: 43/57 MP: 10/16
  3705 | D:5      | Found a burning altar of Makhleb.
  3725 | D:5      | Noticed Edmund
  4171 | D:5      | Found an opulent altar of Gozag.
  4186 | D:5      | Became a worshipper of Gozag Ym Sagoz the Greedy
  4482 | D:5      | Noticed Prince Ribbit
  4499 | D:5      | Slain by Prince Ribbit

Illustrated notes

Levels and vault maps discovered:
D:1:      dpeg_arrival_long_road, layout_rooms, minivault_5
D:2:      wander_river, layout_basic, serial_glass, glass_columns_b,
          glass_columns_a, dreamdust_ecumenical_altar_grove, uniq_jessica
D:3:      layout_basic, portal_sewer_entry_f, uniq_terence, uniq_grinder
D:4:      layout_rooms, nicolae_qazlal_scattered_showers, minmay_mini_ossuary,
          uniq_eustachio
D:5:      old_forge, layout_loops_ring, grunt_gozag_breadcrumbs,
          mainiacjoe_overflow_alcove_4, minmay_temple_entry_drinking_statues,
          uniq_edmund, uniq_prince_ribbit1, uniq_crazy_yiuf_cottage

Skill      XL: |  1  2  3  4  5  6  7 |
---------------+----------------------+-----
Necromancy     | 5 6 7 8 |  8.5
Fighting       | 1 2 |  2.9
Spellcasting   | 3 4 5 |  5.9
Summonings     | 1 |  1.5
Armour         | 1 |  1.4
Dodging        | |  1.5
Stealth        | |  1.5

Action                   |  1- 3 |  4- 6 |  7- 9 || total
-------------------------+-------+-------+-------++-------
Melee: Whip              |     2 |       |       ||     2
       Dagger            |    26 |    11 |       ||    37
       Club              |     3 |       |       ||     3
       Short sword       |       |    43 |    50 ||    93
       Punch             |       |     1 |     1 ||     2
Throw: Dart              |       |       |     1 ||     1
 Cast: Necrotise         |    45 |   106 |    74 ||   225
       Vampiric Draining |       |       |     4 ||     4
       Call Canine Famil |       |       |     5 ||     5
       Agony             |       |       |     2 ||     2
Evoke: Wand              |       |       |     1 ||     1
  Use: Scroll            |       |     6 |     4 ||    10
 Stab: Sleeping          |     4 |       |     2 ||     6
       Distracted        |     1 |     1 |       ||     2
Armor: Robe              |     7 |    25 |     6 ||    38
       Leather armour    |       |       |    17 ||    17
Dodge: Dodged            |    33 |    67 |    43 ||   143
